cohdb
Replays
Latest Replays
All Replays
Popular Replays
Top Player Replays
Match Explorer
How It Works
Community
CoH3 Stats
Reddit
Sign in to upload your games and track your stats! →
Sign in with Steam
Match 41453305
Unlisted
Match 41453305
Overview
Messages
Build Orders
End
Construct Weapon Support Center
Selects Heavy Weapons
M1919 Machine Gun Team
Sniper
M1919 Machine Gun Team
Engineer Squad
Infantry Support Center
Selects M2HB .50cal Heavy Machine Gun
M3 Armored Personnel Carrier
Demolitions Package
Survival Training
Bazooka Squad
Forward Retreat Point
Advanced Logistics
Selects Rapid Reposition
M1919 Machine Gun Team
M3 Armored Personnel Carrier
Bazooka Squad
Selects Assault Carriers
Construct Tank Depot
Bazooka Squad
M18 Hellcat Tank Destroyer
Selects Halftrack Strongpoints
Selects Bolstered Team Weapons
M18 Hellcat Tank Destroyer
M18 Hellcat Tank Destroyer
Engineer Squad
Engineer Squad
M18 Hellcat Tank Destroyer
M18 Hellcat Tank Destroyer
Devildrived
Shane The Great
StormblasT
BigCreamyBuns
cannot compute
Ruin
BrainySmurf
BigNol
0
0
Comments
sign in to comment!
No comments posted yet!